 Dungeon Crawl Stone Soup version 0.20.1-1-g8b1a95d (webtiles) character file.

50 raph the Firebug (level 3, 0/25 HPs)
             Began as a Demonspawn Fire Elementalist on Dec 24, 2017.
             Slain by a gnoll
             ... wielding a cursed -2 whip
              (5 damage)
             ... on level 2 of the Dungeon.
             The game lasted 00:04:54 (1798 turns).

raph the Firebug (Demonspawn Fire Elementalist)     Turns: 1798, Time: 00:04:55

Health: 0/25       AC:  2    Str:  8    XL:     3   Next: 55%
Magic:  2/6        EV: 12    Int: 17    God:
Gold:   59         SH:  0    Dex: 13    Spells: 0/6 levels left

rFire    . . .     SeeInvis .   g - +4 dagger
rCold    . . .     Gourm    .   (no shield)
rNeg     . . .     Faith    .   a - +0 robe
rPois    .         Spirit   .   (no helmet)
rElec    .         Reflect  .   (no cloak)
rCorr    .         Harm     .   (no gloves)
MR       .....                  (no boots)
Stlth    ++........             (no amulet)
Regen    0.1/turn               (no ring)
MPRegen  0.1/turn               (no ring)

@: very slightly contaminated
A: talons 1, powered by pain 1
a: no special abilities


You were on level 2 of the Dungeon.
You were hungry.

You visited 1 branch of the dungeon, and saw 2 of its levels.

You collected 59 gold pieces.

Inventory:

Hand Weapons
 d - a +0 dagger
 g - a +4 dagger (weapon)
Armour
 a - a +0 robe (worn)
Jewellery
 f - a +5 ring of protection {unknown}
Scrolls
 j - a scroll of fear {unknown}
 k - a scroll of teleportation {unknown}
 n - a scroll of identify {unknown}
Potions
 e - 2 potions of heal wounds {unknown}
 h - a potion of mutation {unknown}
 i - a potion of curing {unknown}
 m - a potion of cancellation {unknown}
 o - a potion of lignification {unknown}
Books
 b - a book of Flames

   Spells                             Type                      Level
   a - Flame Tongue                   Conjuration/Fire             1
   b - Throw Flame                    Conjuration/Fire             2
   c - Conjure Flame                  Conjuration/Fire             3
   d - Inner Flame                    Hexes/Fire                   3
   e - Sticky Flame                   Conjuration/Fire             4
   f - Fireball                       Conjuration/Fire             5
Comestibles
 c - a bread ration
 l - a royal jelly


   Skills:
 + Level 0.8 Fighting
 + Level 1.9 Dodging
 + Level 1.8 Stealth
 + Level 2.2 Spellcasting
 * Level 2.2 Conjurations
 * Level 3.1 Fire Magic


You couldn't memorise any spells.
You knew the following spells:

 Your Spells              Type           Power        Failure   Level  Hunger
a - Flame Tongue          Conj/Fire      ##...        6%          1    #......
b - Throw Flame           Conj/Fire      ##....       10%         2    ###....
c - Conjure Flame         Conj/Fire      ##......     19%         3    ###....


Dungeon Overview and Level Annotations

Branches:
Dungeon (2/15)

Altars:


Innate Abilities, Weirdness & Mutations

You have sharp toenails.
You sometimes gain a little power by taking damage.


Message History

There is an open door here.
A leopard gecko comes into view.
The leopard gecko hisses angrily.
Casting: Flame Tongue
Confirm with . or Enter, or press ? or * to list all spells.
Aiming: Conjure Flame
Press: ? - help, Dir - move target cursor, p - gnoll You miscast Conjure Flame.
You are very lightly contaminated with residual magic.
Sparks fly from your hands! The gnoll completely misses you.
The leopard gecko bites you.
* * * LOW HITPOINT WARNING * * *
The gnoll hits you with a club.
* * * LOW HITPOINT WARNING * * *
The leopard gecko barely misses you.
You open the door. The leopard gecko closely misses you.
The gnoll hits you with a club.
* * * LOW HITPOINT WARNING * * *
The gnoll hits you with a whip.
You die...

#..............#.####....#...#
#..............#.# #....<#...#
+................# #..####.)..
##.......####.##..# #..#.......
#.........# #.###.###..##.#.#.#
#.........# #.# #..##.......#.#
###.........###.###..##.......#.#
..'.........'..g.l.........>###..
###.........#..g@###......#.#####
#.....)...#....'........+......
#########..g#....###......#.#####
......# #...#....# #.######......
......###...#....###..# #.####.
............#....#....#####.# #.
............#....#.......##.# #.
............#....#.......##.#####
..#.........# #.......##......


You could see 2 gnolls and a leopard gecko.

Vanquished Creatures
  A gnoll (D:2)
  An adder (D:2)
  2 dart slugs (D:2)
  3 giant cockroaches
  6 goblins
  A hobgoblin (D:1)
  5 kobolds
  A quokka (D:2)
  4 bats
  3 rats (D:1)
27 creatures vanquished.

Notes
Turn   | Place    | Note
-------+----------+-------------------------------------------
     0 | D:1      | raph the Demonspawn Fire Elementalist began the quest for the Orb.
     0 | D:1      | Reached XP level 1. HP: 13/13 MP: 3/3
   436 | D:1      | Gained mutation: You sometimes gain a little power by taking damage. [demonic ancestry]
   436 | D:1      | Reached XP level 2. HP: 19/19 MP: 3/5
   981 | D:2      | Learned a level 2 spell: Throw Flame
  1058 | D:2      | Gained mutation: You have sharp toenails. [demonic ancestry]
  1058 | D:2      | Reached XP level 3. HP: 25/25 MP: 4/6
  1070 | D:2      | Reached skill level 3 in Fire Magic
  1125 | D:2      | Learned a level 3 spell: Conjure Flame
  1798 | D:2      | Slain by a gnoll

Skill      XL: |  1  2  3 |
---------------+----------+-----
Conjurations   | 2 |  2.2
Fire Magic     | 3 |  3.1
Fighting       | |  0.8
Dodging        | |  1.9
Stealth        | |  1.8
Spellcasting   | |  2.2

Action                   || total
-------------------------++-------
Melee: Dagger            ||    31
       Unarmed           ||     6
 Cast: Flame Tongue      ||    58
       Throw Flame       ||     2
  Eat: Chunk             ||     3
Armor: Robe              ||    16
Dodge: Dodged            ||    34
